 Seeded DCSS version 0.32-a0-22-g6ae6769602 (webtiles) character file.

Game seed: 14775210558643816968 (custom seed)

9 innerfire43 the Cutter (level 2, -5/21 HPs)
             Began as a Demonspawn Wanderer on Jan 18, 2024.
             Slain by an iguana (10 damage)
             ... on level 2 of the Dungeon.
             The game lasted 00:00:52 (943 turns).

innerfire43 the Cutter (Demonspawn Wanderer)         Turns: 943, Time: 00:00:52

Health: -5/21      AC:  5    Str: 13    XL:     2   Next: 3%
Magic:  2/2        EV: 11    Int: 11    God:
Gold:   44         SH:  0    Dex: 12    Spells: 1/1 levels left

rFire   . . .        a - +2 short sword
rCold   . . .        (no shield)
rNeg    . . .        e - +0 leather armour
rPois   .            c - +0 helmet
rElec   .            k - +0 cloak
rCorr   .            (no gloves)
SInv    .            (no boots)
Will    .....        (no amulet)
Stlth   +            (no ring)
HPRegen 0.23/turn    (no ring)
MPRegen 0.08/turn

%: no passive effects
@: confused, ambrosia-drunk
A: powered by death 1
a: no special abilities


You were on level 2 of the Dungeon.
You visited 1 branch of the dungeon, and saw 2 of its levels.

You collected 44 gold pieces.

Inventory:

Hand Weapons
 a - a +2 short sword (weapon)
 b - a +0 hand axe
Armour
 c - a +0 helmet (worn)
 e - a +0 leather armour (worn)
 k - a +0 cloak (worn)
Scrolls
 d - a scroll of blinking
 f - 5 scrolls of identify {unknown}
 j - a scroll of revelation {unknown}
Potions
 g - a potion of ambrosia
 h - 2 potions of enlightenment {unknown}
 i - a potion of brilliance {unknown}


   Skills:
 + Level 1.3 Fighting
 + Level 3.7 Short Blades
 - Level 1.0 Axes
 * Level 1.0 Armour
 - Level 1.0 Dodging
 - Level 2.6 Stealth


You had one spell level left.
You didn't know any spells.
Your spell library was empty.

Dungeon Overview and Level Annotations

Branches:
Dungeon (2/15)

Altars:


Innate Abilities, Weirdness & Mutations

You regenerate a little health from kills.


Message History

An endoplasm comes into view.
You closely miss the jackal. The jackal barely misses you.
You closely miss the jackal. The jackal misses you.
The jackal bites you but does no damage.
You hit the jackal.
The jackal is heavily wounded.
The jackal barely misses you.
The jackal bites you but does no damage.
You closely miss the jackal.
The jackal is heavily wounded.
The jackal bites you but does no damage. x2
You barely miss the jackal.
The jackal is heavily wounded.
The jackal bites you. The jackal closely misses you.
The jackal barely misses you. The jackal misses you.
You closely miss the jackal.
The jackal is heavily wounded.
The jackal completely misses you. The jackal closely misses you.
You closely miss the jackal.
The jackal is heavily wounded.
The endoplasm jiggles.
The jackal completely misses you. The jackal bites you.
You closely miss the jackal.
The jackal is heavily wounded.
The jackal closely misses you. The iguana bites you. The jackal bites you.
You hit the jackal but do no damage.
The jackal is heavily wounded.
The jackal bites you but does no damage. x2
The iguana bites you.
* * * LOW HITPOINT WARNING * * *
The endoplasm hits you but does no damage.
You are too injured to fight recklessly!
You are too injured to fight recklessly!
You are too injured to fight recklessly!
It was a potion of ambrosia.
You are confused.
You feel invigorated. The jackal bites you.
* * * LOW HITPOINT WARNING * * *
The jackal barely misses you. The iguana bites you!
You die...

##... #...#
#...# #...#
#...# . #...#
#...#.hh#####...
......l@<.......
.......J........
................
....#....###....
.?. #....# ##.
.. #....# .
.....# [.....#


You could see an iguana, an endoplasm and 2 jackals.

Vanquished Creatures
  A bat (D:1)
  A giant cockroach (D:1)
  A hobgoblin (D:1)
  2 quokkas (D:1)
  A ball python (D:1)
  A kobold (D:1)
  A rat (D:1)
8 creatures vanquished.

Notes
Turn   | Place    | Note
-------+----------+-------------------------------------------
     0 | D:1      | innerfire43 the Demonspawn Wanderer began the quest for the
                  | Orb.
     0 | D:1      | innerfire43 set off with the following items: a +2 short
                  | sword, a +0 hand axe, a +0 helmet, a scroll of blinking, a
                  | +0 leather armour.
     0 | D:1      | Reached XP level 1. HP: 15/15 MP: 1/1
   567 | D:1      | Reached skill level 1 in Armour
   567 | D:1      | Gained mutation: You regenerate a little health from kills.
                  | [demonic ancestry]
   567 | D:1      | Reached XP level 2. HP: 21/21 MP: 2/2
   943 | D:2      | Slain by an iguana

Illustrated notes

Levels and vault maps discovered:
D:1:      ldierk_walled_garden_2, layout_loops_corners, minivault_4
D:2:      layout_loops_cross, basic_altar, minmay_misc_feat_secret_circle,
          uniq_natasha

Skill      XL: |  1 |
---------------+----+-----
Armour         | 1 |  1.0
Fighting       | |  1.3
Short Blades   | |  3.7
Axes           | |  1.0
Dodging        | |  1.0
Stealth        | |  2.6

Action                     || total
---------------------------++-------
  Melee: Short sword       ||    38
         Punch             ||     1
    Use: Potion            ||     1
   Stab: Sleeping          ||     1
 Armour: Leather armour    ||    31
  Dodge: Dodged            ||    30

Table legend: (Time is in decaauts)
 A = Elapsed time spent in this place.
 B = Non-inter-level travel time spent in this place.
 C = Inter-level travel time spent in this place.
 D = Time resting spent in this place.
 E = Time spent auto-exploring this place.
 F = Levels seen in this place.
 G = Mean time per level.
                   A        B        C        D        E       F      G
               +--------+--------+--------+--------+--------+-----+--------+
         Total |    942 |    926 |     16 |      0 |    809 |   2 |  471.0 |
       Dungeon |    942 |    926 |     16 |      0 |    809 |   2 |  471.0 |
               +--------+--------+--------+--------+--------+-----+--------+

Top non-repeatable levels by time:
     D:1: 933 daAuts
     D:2: 9 daAuts
